 Dungeon Crawl Stone Soup version 0.22-a0-247-gbddf880 (webtiles) character file.

598 Gorglomux the Skirmisher (level 7, -2/62 HPs)
             Began as a Minotaur Earth Elementalist on Feb 24, 2018.
             Was an Initiate of Makhleb.
             Engulfed by a cloud of steam (8 damage)
             ... on level 4 of the Dungeon.
             The game lasted 00:04:18 (3798 turns).

Gorglomux the Skirmisher (MiEE)                     Turns: 3798, Time: 00:04:19

Health: -2/62      AC:  7    Str: 15    XL:     7   Next: 17%
Magic:  8/8        EV: 11    Int: 12    God:    Makhleb [......]
Gold:   165        SH:  0    Dex: 10    Spells: 8/8 levels left

rFire    . . .     SeeInvis .   Z - +0 hand axe
rCold    . . .     Gourm    .   (no shield)
rNeg     . . .     Faith    .   f - +0 ring mail
rPois    .         Spirit   .   (helmet restricted)
rElec    .         Reflect  .   n - +0 cloak (curse)
rCorr    .         Harm     .   (no gloves)
MR       .....                  (no boots)
Stlth    +.........             (no amulet)
HPRegen  0.20/turn              (no ring)
MPRegen  0.11/turn              (no ring)

@: very slightly contaminated
A: retaliatory headbutt, horns 2
a: Renounce Religion


You were on level 4 of the Dungeon.
You worshipped Makhleb.
Makhleb was noncommittal.
You were not hungry.

You visited 1 branch of the dungeon, and saw 4 of its levels.

You collected 165 gold pieces.

Inventory:

Hand Weapons
 e - a +0 mace
 Z - a +0 hand axe (weapon)
Missiles
 b - 90 stones (quivered)
Armour
 f - a +0 ring mail (worn)
 n - a cursed +0 cloak (worn)
Wands
 A - a wand of acid (7)
 D - a wand of digging (6)
Scrolls
 l - a scroll of magic mapping {unknown}
 B - a scroll of blinking
 S - a scroll of amnesia
 V - 2 scrolls of identify {unknown}
 W - a scroll of teleportation {unknown}
 X - a scroll of immolation {unknown}
 Y - a scroll of noise {unknown}
Potions
 Q - a potion of curing
Comestibles
 d - 5 rations
 U - 2 chunks of flesh


   Skills:
 + Level 5.9 Fighting
 + Level 2.9 Axes
 + Level 5.9 Armour
 - Level 2.1 Dodging
 - Level 1.5 Stealth
 - Level 1.3 Spellcasting
   Level 0.7 Transmutations
   Level 2.4 Earth Magic


You had 8 spell levels left.
You didn't know any spells.

Dungeon Overview and Level Annotations

Branches:
Dungeon (4/15)
 Temple: D:4-7

Altars:
Ashenzari
Elyvilon
Makhleb
Sif Muna
Vehumet


Innate Abilities, Weirdness & Mutations

You reflexively headbutt those who attack you in melee.
You have a pair of horns on your head.


Message History

You headbutt the steam dragon! The steam dragon closely butts you!
Butt which item? (* to show all) (? for menu, Esc to butt)
Aiming: Corrosive Bolt
Press: ? - help, Shift-Dir - straight line, f/p - steam dragon
Aim: a steam dragon (heavily wounded, covered in acid)
The bolt of acid hits the steam dragon!
The steam dragon is splashed with acid!
The acid corrodes the butt dragon!!!
You annihilate the steam dragon!!!
Makhleb roars: ANNIHILATED!
The steam dragon scales are intact butt to wear!
You have reached level 7!!!
Butt are engulfed in a cloud of scalding steam! * * * don't die
* * * You are engulfed in a cloud of scalding steam! * * * don't die
* * *
Things that are here:
+0 steam dragon scales; a steam dragon corpse You butcher the steam dragon corpse!
You are engulfed in a cloud of scalding steam! rip

###..######........§.......
#.......#.#######§#.#.##
#....................#
####..#####.#######...#
......# #.# #...# ####.##
#.# #§..########. .###.#
#.###............. ..##.#
#.#§#D#.######### .....#
#@##.#.# ..####
#####.#.#.### .##
#..$...>....# ##
#.#########.# #######
....... ####### <...# ###.#


There were no monsters in sight!

Vanquished Creatures
  A steam dragon (D:4)
  A centaur (D:4)
  A big kobold (D:3)
  Natasha (thrice) (D:3)
  Jessica (D:2)
  2 worker ants (D:4)
  Robin (D:2)
  3 gnolls (D:3)
  6 adders
  An ooze (D:1)
  3 worms
  2 dart slugs
  2 leopard geckos
  An orc (D:3)
  3 giant cockroaches
  19 goblins
  4 hobgoblins
  3 jackals (D:2)
  7 kobolds
  A quokka (D:3)
  2 ball pythons
  9 bats
  3 frilled lizards
  A jackal skeleton (D:4)
  9 rats
89 creatures vanquished.

Vanquished Creatures (others)
  An orc (D:4)
1 creature vanquished.

Grand Total: 90 creatures vanquished

Notes
Turn   | Place    | Note
-------+----------+-------------------------------------------
     0 | D:1      | Gorglomux the Minotaur Earth Elementalist began the quest for the Orb.
     0 | D:1      | Reached XP level 1. HP: 14/14 MP: 1/1
   130 | D:1      | Reached skill level 1 in Fighting
   130 | D:1      | Reached skill level 1 in Armour
   215 | D:1      | Reached XP level 2. HP: 23/23 MP: 3/3
   814 | D:2      | Reached XP level 3. HP: 30/30 MP: 4/4
  1105 | D:2      | Noticed Robin
  1131 | D:2      | Killed Robin
  1131 | D:2      | Reached skill level 3 in Fighting
  1131 | D:2      | Reached skill level 3 in Armour
  1131 | D:2      | Reached XP level 4. HP: 17/38 MP: 5/5
  1245 | D:2      | Found a deep blue altar of Sif Muna.
  1499 | D:2      | Noticed Jessica
  1506 | D:2      | Killed Jessica
  1939 | D:3      | Found a radiant altar of Vehumet.
  1940 | D:3      | Found a shattered altar of Ashenzari.
  1987 | D:3      | Noticed a big kobold
  2010 | D:3      | Killed a big kobold
  2010 | D:3      | Reached XP level 5. HP: 38/47 MP: 6/6
  2054 | D:3      | Found a white marble altar of Elyvilon.
  2401 | D:3      | Noticed Natasha
  2417 | D:3      | Killed Natasha
  2616 | D:3      | Noticed Natasha
  2637 | D:3      | Killed Natasha
  2637 | D:3      | Reached XP level 6. HP: 22/56 MP: 7/7
  2919 | D:3      | Noticed Natasha
  2923 | D:3      | Killed Natasha
  3369 | D:3      | Reached skill level 1 in Axes
  3628 | D:4      | Found a burning altar of Makhleb.
  3736 | D:4      | Became a worshipper of Makhleb the Destroyer
  3773 | D:4      | Noticed a steam dragon
  3796 | D:4      | Killed a steam dragon
  3796 | D:4      | Reached XP level 7. HP: 14/62 MP: 8/8
  3798 | D:4      | Engulfed by a cloud of steam

Vault maps used:
D:1:      dpeg_arrival_stonehenge_8_columns, serial_bayou_ford_a
D:2:      led_sif_pool, uniq_jessica, uniq_robin
D:3:      elyvilon_altar_5, gammafunk_temple_overflow_statue, uniq_natasha
D:4:      dancing_weapons_uskayaw, overflow_temple_1_default, serial_shops,
          shop, nicolae_ossuary_entry_plus

Skill      XL: |  1  2  3  4  5  6 |
---------------+-------------------+-----
Fighting       | 1 2 3 4 5 |  5.9
Armour         | 1 2 3 4 5 |  5.9
Axes           | 2 |  2.9
Dodging        | |  2.1
Stealth        | |  1.5
Spellcasting   | |  1.3
Transmutations | |  0.7
Earth Magic    | |  2.4

Action                   |  1- 3 |  4- 6 |  7- 9 || total
-------------------------+-------+-------+-------++-------
Melee: Mace              |    89 |   116 |       ||   205
       Unarmed           |     7 |       |       ||     7
       Headbutt          |    10 |    24 |       ||    34
       Hand axe          |       |    72 |       ||    72
Evoke: Wand              |       |     3 |     1 ||     4
  Use: Potion            |     4 |     3 |       ||     7
       Scroll            |       |     3 |       ||     3
 Stab: Distracted        |     1 |       |       ||     1
  Eat: Chunk             |     1 |     9 |       ||    10
Armor: Ring mail         |    47 |   109 |       ||   156
Dodge: Dodged            |   101 |   127 |       ||   228

Table legend:
 A = Spawn XP
 B = Non-spawn XP
 C = Spawn XP percentage of total XP
 D = Spawn monster count
 E = Non-spawn monster count
 F = Spawn count percentage of total count
 G = Total turns spent on level
                    A         B        C        D         E        F      G
               +---------+---------+-------+---------+---------+-------+---------
         Total |       0 |     855 |   0.0 |       0 |      89 |   0.0 |  3798
               +---------+---------+-------+---------+---------+-------+---------
           D:1 |       0 |      37 |   0.0 |       0 |      18 |   0.0 |   807
           D:2 |       0 |     127 |   0.0 |       0 |      28 |   0.0 |   966
           D:3 |       0 |     317 |   0.0 |       0 |      35 |   0.0 |  1842
           D:4 |       0 |     374 |   0.0 |       0 |       8 |   0.0 |   183
               +---------+---------+-------+---------+---------+-------+---------
